 Dungeon Crawl Stone Soup version 0.26-b1-32-g5d43845318 (webtiles) character file.

Game seed: 8422117272700945931

170 Borgoz the Slasher (level 5, -6/45 HPs)
             Began as a Ghoul Gladiator on Jan 13, 2021.
             Mangled by grindst0ne's ghost (9 damage)
             ... on level 3 of the Dungeon.
             The game lasted 00:02:39 (2869 turns).

Borgoz the Slasher (Ghoul Gladiator)                Turns: 2869, Time: 00:02:40

Health: -6/45      AC:  4    Str: 15 (18) XL:     5   Next: 50%
Magic:  4/4        EV: 12    Int: -1 (3)  God:
Gold:   131        SH:  0    Dex:  8 (11) Spells: 4/4 levels left

rFire    . . .     SeeInvis .   a - +0 long sword
rCold    + . .     Faith    .   (no shield)
rNeg     + + +     Spirit   .   b - +0 leather armour
rPois    ∞         Reflect  .   c - +0 helmet
rElec    .         Harm     .   (no cloak)
rCorr    .         Rampage  .   (no gloves)
Will     .....                  (no boots)
Stlth    +.........             (no amulet)
HPRegen  0.00/turn              (no ring)
MPRegen  0.09/turn              (no ring)

@: mighty, slowed, lost intelligence, very slow
A: claws 1, cold resistance 1, negative energy resistance 3, inhibited
regeneration, torment resistance, unbreathing
a: no special abilities


You were on level 3 of the Dungeon.
You visited 1 branch of the dungeon, and saw 3 of its levels.

You collected 131 gold pieces.

Inventory:

Hand Weapons
 a - a +0 long sword (weapon)
Missiles
 d - 3 throwing nets (quivered)
Armour
 b - a +0 leather armour (worn)
 c - a +0 helmet (worn)
 j - a +2 ring mail of willpower
Scrolls
 e - 3 scrolls of teleportation
 g - a scroll of remove curse
 h - a scroll of noise {unknown}
 k - a scroll of identify {unknown}
 l - a scroll of magic mapping {unknown}
 n - a scroll of enchant weapon {unknown}
Potions
 f - 2 potions of heal wounds
 i - a potion of might
 m - a potion of degeneration
 o - a potion of invisibility {unknown}
 p - a potion of lignification {unknown}
 q - a potion of mutation
 r - a potion of haste {unknown}


   Skills:
 * Level 3.5 Fighting
 * Level 3.6 Long Blades
 - Level 1.7 Throwing
 * Level 2.0 Armour
 * Level 3.5 Dodging


You had 4 spell levels left.
You didn't know any spells.
Your spell library was empty.

Dungeon Overview and Level Annotations

Branches:
Dungeon (3/15)

Altars:
Fedhas
Gozag

Portals:
Abyss: D:3

Annotations:
D:3 1 transporter, grindst0ne's ghost, amateur OgHu


Innate Abilities, Weirdness & Mutations

You thrive by killing the living.
You are immune to poison.
You have sharp fingernails.
Your flesh is cold resistant. (rC+)
You are immune to negative energy. (rN+++)
You do not regenerate when monsters are visible.
You are immune to unholy pain and torment.
You can survive without breathing.


Message History

Grindst0ne's ghost hits you but does no damage.
Grindst0ne's ghost closely misses you.
You riposte.
You closely miss grindst0ne's ghost.
Grindst0ne's ghost is lightly damaged.
You hit grindst0ne's ghost.
Grindst0ne's ghost is moderately damaged.
Grindst0ne's ghost hits you. x2
You closely miss grindst0ne's ghost.
Grindst0ne's ghost is moderately damaged.
Grindst0ne's ghost hits you.
Grindst0ne's ghost hits you but does no damage.
You barely miss grindst0ne's ghost.
Grindst0ne's ghost is moderately damaged.
Grindst0ne's ghost shrieks, "I have seen your future, and it is all used up."
Grindst0ne's ghost hits you!
* * * LOW HITPOINT WARNING * * *
x2 The kobold hits you with the +11 whip of Unpleasantness {distort, +Blink rC- Dex+8}.
* * * LOW HITPOINT WARNING * * *
You blink.
Grindst0ne's ghost hits you!
You die...

#.#?##.∩.##..##.##..#
#.##...###...##..#..#
#..##.##....##..##..##
#..# ..##.###...##...#
#.##.#..###...###..#.#
#©#?..#.....#(#...#..#
#.##5^^##...#.##....##
#..##.^##......##...#
##..#.5# ####.@.##..#
#.##...##..#.W#K#..#
#.#.©###...###§##..#
#.####.......###...#
#...©..............#
####....###.......##
###### #########


You could see grindst0ne's ghost and a kobold.

Vanquished Creatures
  A worker ant (D:3)
  5 adders
  An ooze (D:2)
  A worm (D:3)
  2 dart slugs (D:1)
  A leopard gecko (D:2)
  9 orcs (D:3)
  2 giant cockroaches (D:2)
  7 goblins
  4 hobgoblins
  8 jackals
  2 quokkas
  A ball python (D:1)
  5 bats
  9 frilled lizards
  10 kobolds
  10 rats
78 creatures vanquished.

Notes
Turn   | Place    | Note
-------+----------+-------------------------------------------
     0 | D:1      | Borgoz the Ghoul Gladiator began the quest for the Orb.
     0 | D:1      | Reached XP level 1. HP: 17/17 MP: 0/0
   253 | D:1      | Reached XP level 2. HP: 25/25 MP: 1/1
   609 | D:1      | Reached skill level 1 in Armour
   720 | D:1      | Reached XP level 3. HP: 30/30 MP: 2/2
  1305 | D:2      | Found an opulent altar of Gozag.
  1511 | D:2      | Reached XP level 4. HP: 37/37 MP: 3/3
  1888 | D:2      | Found a blossoming altar of Fedhas.
  1997 | D:3      | Reached XP level 5. HP: 45/45 MP: 4/4
  2605 | D:3      | Found a one-way gate to the infinite horrors of the Abyss.
  2605 | D:3      | Noticed grindst0ne's ghost (amateur OgHu)
  2605 | D:3      | Identified the +11 whip of Unpleasantness {distort, +Blink
                  | rC- Dex+8}
  2607 | D:3      | Found a transporter.
  2622 | D:3      | Found a transporter.
  2842 | D:3      | Noticed a small abomination
  2858 | D:3      | Lost intelligence.
  2869 | D:3      | Mangled by grindst0ne's ghost

Illustrated notes

Levels and vault maps discovered:
D:1:      dpeg_arrival_snail, layout_loops_ring, amethyst_killhole
D:2:      layout_loops_corners, lemuel_round_altar, general_overflow_altar
D:3:      layout_rooms, gammafunk_ghost_abyssal_escape

Skill      XL: |  1  2  3  4  5 |
---------------+----------------+-----
Armour         | 1 2 |  2.0
Long Blades    | 3 |  3.6
Dodging        | 3 |  3.5
Fighting       | 3 |  3.5
Throwing       | |  1.7

Action                   |  1- 3 |  4- 6 || total
-------------------------+-------+-------++-------
Melee: Long sword        |   123 |    96 ||   219
  Use: Potion            |       |     5 ||     5
       Scroll            |       |     1 ||     1
 Stab: Sleeping          |     1 |       ||     1
Armor: Leather armour    |    48 |    27 ||    75
Dodge: Dodged            |   103 |   102 ||   205
       Rpst.: Long sword |    31 |    27 ||    58
